 Dungeon Sprint DCSS version 0.27.1-2-g3b301248ec (webtiles) character file.

Game seed: 5474721353725000065

2137 boopmooplesden the Blocker (level 9, -32/90 HPs)
             Began as a Minotaur Fighter on Sept 22, 2021.
             Was a Believer of Okawaru.
             Annihilated by a boulder beetle (53 damage)
             ... in the Dungeon (Sprint II: "The Violet Keep of Menkaure").
             The game lasted 00:04:43 (1020 turns).

boopmooplesden the Blocker (Minotaur Fighter)       Turns: 1020, Time: 00:04:44

Health: -32/90     AC: 18    Str: 24    XL:     9   Next: 9%
Magic:  17/17      EV: 11    Int:  9    God:    Okawaru [**....]
Gold:   360        SH: 13    Dex: 10    Spells: 8/8 levels left

rFire    . . .     SeeInvis .   k - +1 war axe (vorpal)
rCold    + . .     Faith    .   c - +0 kite shield
rNeg     . . .     Spirit   .   d - +7 ring mail of Fedhas's Reproof {rPois rC+ Will+ Int+4}
rPois    +         Reflect  .   (helmet restricted)
rElec    .         Harm     .   l - +0 cloak
rCorr    .         Rampage  .   m - +0 pair of gloves
Will     +....     NoTele   +   (no boots)
Stlth    +.........             w - amulet of regeneration
HPRegen  1.25/turn              y - ring of flight
MPRegen  0.15/turn              r - ring of magical power

@: flying
A: horns 2, retaliatory headbutt
a: Renounce Religion, Heroism


You were in the Dungeon.
You worshipped Okawaru.
Okawaru was pleased with you.
You visited 1 branch You collected 989 gold pieces.
You spent 629 gold pieces at shops.

Inventory:

Hand Weapons
 a - a +0 war axe
 k - a +1 vorpal war axe (weapon)
 C - the +6 quarterstaff "Dragonbane" {vamp, rCorr Str+2}
   (You found it in the Dungeon)

   It occasionally heals its wielder for a portion of the damage dealt when it
   wounds a living foe.
   Str:       It affects your strength (+2).
   rCorr:     It protects you from acid and corrosion.
Missiles
 B - 6 javelins (quivered)
Armour
 b - a +0 scale mail
 c - a +0 kite shield (worn)
 d - the +7 ring mail of Fedhas's Reproof (worn) {rPois rC+ Will+ Int+4}
   (You bought it in a shop in the Dungeon)

   Int:       It affects your intelligence (+4).
   rC:        It protects you from cold.
   rPois:     It protects you from poison.
   Will:      It increases your willpower.
 l - a +0 cloak (worn)
 m - a +0 pair of gloves (worn)
Jewellery
 r - a ring of magical power (right hand)
 w - an amulet of regeneration (around neck)
 x - a ring of fire
 y - a ring of flight (left hand)
Scrolls
 f - 5 scrolls of identify {unknown}
 j - a scroll of blinking
 n - a scroll of magic mapping {unknown}
 o - 3 scrolls of amnesia {unknown}
 q - 3 scrolls of fog {unknown}
 s - 2 scrolls of enchant weapon {unknown}
 t - 2 scrolls of holy word {unknown}
 u - a scroll of immolation {unknown}
 A - a scroll of acquirement {unknown}
Potions
 e - 3 potions of curing
 g - 2 potions of haste
 h - 5 potions of magic
 i - a potion of berserk rage
 p - 3 potions of flight {unknown}
 v - a potion of lignification {unknown}
 z - 3 potions of resistance {unknown}


   Skills:
 + Level 11.8 Fighting
 + Level 11.7 Axes
 + Level 12.6 Armour
 + Level 4.0 Dodging
 + Level 0.4 Stealth
 + Level 13.0 Shields


You had 8 spell levels left.
You didn't know any spells.
Your spell library contained the following spells:

 Spells                   Type           Power      Damage    Failure   Level
 Magic Dart               Conj           0%         1d3       58%         1
 Searing Ray              Conj           0%         3d3       73%         2
 Slow                     Hex            0%         N/A       73%         2
 Confusing Touch          Hex            0%         N/A       91%         3
 Fulminant Prism          Conj/Hex       0%         3d6       100%        4
 Yara's Violent Unravell  Hex/Tmut       0%         3d3       100%        5


Dungeon Overview and Level Annotations

Branches:
Dungeon (1/1)

Altars:
Cheibriados
Dithmenos
Elyvilon
Fedhas
Gozag
Hepliaklqana
Kikubaaqudgha
Makhleb
Nemelex Xobeh
Okawaru
Qazlal
Ru
Sif Muna
Trog
Uskayaw
Vehumet
Wu Jian
Xom
Yredelemnul
Zin
The Shining One
Beogh
Jiyva
Lugonu

Shops:
D =:*!::[[(?!:=([

Annotations:
D exclusions: obsidian statue and oklob plant


Innate Abilities, Weirdness & Mutations

You have a pair of horns on your head.
You reflexively headbutt those who attack you in melee.


Message History

* * * LOW HITPOINT WARNING * * *
You slash the boulder beetle! You headbutt the boulder beetle.
The boulder beetle is moderately wounded.
You barely miss the boulder beetle.
You headbutt the boulder beetle, but do no damage.
The boulder beetle is moderately wounded.
You feel like a meek peon again.
The boulder beetle bites you but does no damage.
You hit the boulder beetle but do no damage.
The boulder beetle is moderately wounded.
You block the boulder beetle's attack.
You hit the boulder beetle.
The boulder beetle is heavily wounded.
The boulder beetle bites you but does no damage.
You hit the boulder beetle but do no damage.
You headbutt the boulder beetle.
The boulder beetle is heavily wounded.
The boulder beetle leaps! x2
There is an open door, spattered with blood here.
You hit the boulder beetle.
You headbutt the boulder beetle, but do no damage.
The boulder beetle is almost dead.
The boulder beetle leaps!
The boulder beetle leaps!
The boulder beetle curls into a ball and begins rolling!
There is a staircase leading out of the dungeon here.
The boulder beetle hits you!!
* * * LOW HITPOINT WARNING * * *
The boulder beetle stops rolling and uncurls.
You hit the boulder beetle but do no damage.
You headbutt the boulder beetle.
The boulder beetle is severely wounded.
The boulder beetle leaps!
The boulder beetle curls into a ball and begins rolling!
The boulder beetle leaps!
There is an open door here.
The boulder beetle leaps!
The boulder beetle hits you!!!
Ouch! That really hurt!
You die...

▓▓+ +.○ #.. ≈## #..
#########≈≈#+++ #| ########≈≈≈...
#[ ..∩....#≈≈≈≈.##+# #:
.∩.∩...#≈≈≈≈###.###.#### +.##.#)
..∩.∩..#≈≈≈≈#..#@.# ...# ...###
...∩.⌠.#≈≈####.#B####..## #..##.
..∩.∩..#≈##.###○###.##..# +..#..
.∩.∩...#≈#.#°##°##...#..# #.^#..
∩.∩....'≈'###'.<○'###+..####.^##)
.∩.....#≈#.#.##.##B..#....###..÷#
▓▓▓▓▓###≈##.###°###.##......≈≈≈≈≈
=h######≈≈####.#.####≈≈.....≈#'##
.h#G$ ##≈≈≈#.##..#≈≈≈≈≈≈≈..≈#.._


You could see a boulder beetle (rolling).

Vanquished Creatures
  A yaktaur (D)
  3 polar bears (D)
  A hornet (D)
  2 wyverns (D)
  5 water moccasins (D)
  5 scorpions (D)
  3 worms (D)
20 creatures vanquished.

Vanquished Creatures (others)
  Menkaure (D)
  12 tentacles (D)
13 creatures vanquished.

Grand Total: 33 creatures vanquished

Notes
Turn   | Place    | Note
-------+----------+-------------------------------------------
     0 | D        | boopmooplesden the Minotaur Fighter began the quest for the
                  | Orb.
     0 | D        | Reached XP level 1. HP: 19/19 MP: 0/0
     1 | D        | Noticed a wyvern
     1 | D        | Noticed a wyvern
     5 | D        | Noticed a scorpion
     5 | D        | Noticed a scorpion
     5 | D        | Noticed a scorpion
     5 | D        | Noticed a scorpion
     9 | D        | Killed a scorpion
    10 | D        | Reached skill level 6 in Shields
    10 | D        | Reached XP level 2. HP: 29/30 MP: 1/1
    10 | D        | Reached XP level 3. HP: 36/37 MP: 2/2
    11 | D        | Killed a scorpion
    12 | D        | Reached skill level 7 in Shields
    12 | D        | Reached XP level 4. HP: 46/47 MP: 3/3
    12 | D        | Killed a scorpion
    13 | D        | Reached XP level 5. HP: 50/53 MP: 4/4
    19 | D        | Reached skill level 5 in Axes
    19 | D        | Reached skill level 8 in Shields
    31 | D        | Killed a wyvern
    32 | D        | Reached skill level 1 in Dodging
    32 | D        | Reached skill level 9 in Shields
    32 | D        | Reached XP level 6. HP: 63/66 MP: 5/5
    33 | D        | Killed a wyvern
    34 | D        | Reached skill level 10 in Fighting
    34 | D        | Reached skill level 10 in Armour
    34 | D        | Reached skill level 10 in Shields
    34 | D        | Reached XP level 7. HP: 69/72 MP: 6/6
    64 | D        | Killed Menkaure
    70 | D        | Noticed a boulder beetle
    70 | D        | Noticed a boulder beetle
    79 | D        | Found Fosmemikk's Jewellery Emporium.
    79 | D        | Found Zietom's Antique Armour Emporium.
    79 | D        | Found Jiagapt's Weapon Shoppe.
    79 | D        | Found Xiel's Book Shoppe.
    79 | D        | Found Raegest's Antique Weapon Shoppe.
    79 | D        | Found Melove's Antique Armour Emporium.
    79 | D        | Found Pumnid's Distillery.
    79 | D        | Found Curovir's Antique Armour Shoppe.
    80 | D        | Found Vaemeol's Book Emporium.
    80 | D        | Found Fesaugu's Magic Scroll Emporium.
    80 | D        | Found Coreil's Book Shoppe.
    80 | D        | Found Paocoic's Distillery.
   113 | D        | Found Rahir's Assorted Antiques.
   113 | D        | Noticed an ice dragon
   113 | D        | Noticed an oklob plant
   114 | D        | Found Isumiut's Jewellery Shoppe.
   114 | D        | Found Teplai's Book Shoppe.
   114 | D        | Noticed a hell hog
   114 | D        | Noticed a hell hog
   118 | D        | Noticed a great orb of eyes
   128 | D        | Bought a smoking ring mail for 207 gold pieces
   128 | D        | Identified the +7 ring mail of Fedhas's Reproof {rPois rC+
                  | Will+ Int+4} (You bought it in a shop in the Dungeon)
   142 | D        | Bought a glowing war axe for 162 gold pieces
   145 | D        | Bought a cloak for 130 gold pieces
   145 | D        | Bought a pair of gloves for 130 gold pieces
   171 | D        | Noticed an obsidian statue
   180 | D        | Found a stormy altar of Qazlal.
   180 | D        | Found an ornate altar of the Wu Jian Council.
   181 | D        | Found a hazy altar of Hepliaklqana.
   181 | D        | Found a sacrificial altar of Ru.
   181 | D        | Found a shimmering altar of Xom.
   181 | D        | Found a glowing golden altar of the Shining One.
   182 | D        | Found a viscous altar of Jiyva.
   182 | D        | Found a shimmering blue altar of Sif Muna.
   182 | D        | Found a basalt altar of Yredelemnul.
   184 | D        | Found a snail-covered altar of Cheibriados.
   184 | D        | Found an ancient bone altar of Kikubaaqudgha.
   184 | D        | Found a bloodstained altar of Trog.
   186 | D        | Found a shadowy altar of Dithmenos.
   186 | D        | Found a corrupted altar of Lugonu.
   187 | D        | Found a white marble altar of Elyvilon.
   187 | D        | Found a burning altar of Makhleb.
   188 | D        | Found a blossoming altar of Fedhas.
   190 | D        | Found an opulent altar of Gozag.
   190 | D        | Found a hide-covered altar of Uskayaw.
   190 | D        | Found a sparkling altar of Nemelex Xobeh.
   191 | D        | Found a glowing silver altar of Zin.
   191 | D        | Found a radiant altar of Vehumet.
   191 | D        | Found an iron altar of Okawaru.
   202 | D        | Noticed a flying skull
   202 | D        | Noticed a flying skull
   204 | D        | Became a worshipper of Warmaster Okawaru
   215 | D        | Noticed a yaktaur
   215 | D        | Noticed a hornet
   215 | D        | Noticed a polar bear
   215 | D        | Noticed a polar bear
   222 | D        | Killed a polar bear
   223 | D        | Reached skill level 11 in Shields
   223 | D        | Noticed a polar bear
   226 | D        | Killed a polar bear
   227 | D        | Reached XP level 8. HP: 64/82 MP: 7/7
   231 | D        | Killed a yaktaur
   231 | D        | Reached * piety under Okawaru
   232 | D        | Reached skill level 10 in Axes
   232 | D        | Reached skill level 12 in Shields
   238 | D        | Killed a hornet
   253 | D        | Killed a polar bear
   253 | D        | Reached ** piety under Okawaru
   584 | D        | Noticed a kraken
   611 | D        | Reached XP level 9. HP: 61/90 MP: 8/8
   618 | D        | Reached skill level 13 in Shields
   926 | D        | Identified the +6 quarterstaff "Dragonbane" {vamp, rCorr
                  | Str+2}
  1020 | D        | Annihilated by a boulder beetle

Illustrated notes

Levels and vault maps discovered:
D:        the_violet_keep_of_menkaure [sprint2_stairs_cluster_1,
          sprint2_shoproom, sprint2_temple, sprint2_basic_supplies,
          sprint2_obstacle_3, sprint2_obstacle_7, sprint2_obstacle_1,
          sprint2_obstacle_4, sprint2_obstacle_5, sprint2_timed_cluster_1,
          sprint2_smallroom_cluster_1, sprint2_smallroom_final_cluster_1,
          sprint2_transparent_cluster_1, sprint2_second_timed_cluster_1,
          sprint2_sniper_area_1, sprint2_heavy_combat_area_1,
          sprint2_mutation_trap_area_1, sprint2_forest_area_1,
          sprint2_light_combat_area_1, sprint2_behind_water_1,
          sprint2_near_end_vault_1]

Skill      XL: |  1  2  3  4  5  6  7  8  9 |
---------------+----------------------------+-----
Fighting       | 6 7 8 9 10 11 | 11.8
Axes           | 3 4 6 9 11 | 11.7
Armour         | 6 7 8 9 10 11 12 | 12.6
Shields        | 6 7 9 10 11 12 13 | 13.0
Dodging        | 1 2 3 4 |  4.0
Stealth        | |  0.4

Action                   |  1- 3 |  4- 6 |  7- 9 || total
-------------------------+-------+-------+-------++-------
Melee: War axe           |     5 |    11 |   112 ||   128
       Headbutt          |     1 |     2 |    28 ||    31
Invok: Heroism           |       |       |     2 ||     2
  Use: Potion            |     1 |       |     1 ||     2
Armor: Scale mail        |     1 |     4 |     3 ||     8
       Ring mail         |       |       |    36 ||    36
Dodge: Dodged            |     3 |     3 |    36 ||    42
Block: Kite shield       |     4 |     8 |    72 ||    84
